 Dungeon Crawl Stone Soup version 0.20-a0-915-gb278767 (webtiles) character file.

303 Rrauwl the Firebug (level 6, -3/51 HPs)
             Began as a Hill Orc Fire Elementalist on Mar 25, 2017.
             Slain by an orc wizard
             ... wielding a +3 dagger
              (5 damage)
             ... on level 3 of the Dungeon.
             The game lasted 00:12:37 (3148 turns).

Rrauwl the Firebug (Hill Orc Fire Elementalist)     Turns: 3148, Time: 00:12:38

Health: -3/51      AC:  2    Str: 12    XL:     6   Next: 38%
Magic:  15/18      EV: 13    Int: 16    God:
Gold:   181        SH:  0    Dex: 11    Spells: 8/9 levels left

rFire    . . .     SeeInvis .   d - +4 scythe
rCold    . . .     Gourm    +   (shield currently unavailable)
rNeg     . . .     Faith    .   a - +0 robe
rPois    .         Spirit   .   (no helmet)
rElec    .         Reflect  .   (no cloak)
rCorr    .         Harm     .   (no gloves)
MR       .....                  (no boots)
Stlth    ++........             e - amulet of the gourmand
Regen    0.2/turn               g - +1 ring of evasion
MPRegen  0.2/turn               m - ring of magical power

@: no status effects
A: no striking features
a: no special abilities


You were on level 3 of the Dungeon.
You were not hungry.

You visited 1 branch of the dungeon, and saw 3 of its levels.

You collected 181 gold pieces.

Inventory:

Hand Weapons
 d - a +4 scythe (weapon)
Armour
 a - a +0 robe (worn)
Jewellery
 e - an amulet of the gourmand (around neck)
 g - a +1 ring of evasion (left hand)
 m - a ring of magical power (right hand)
Scrolls
 f - 3 scrolls of identify {unknown}
 i - a scroll of immolation {unknown}
 k - a scroll of enchant weapon {unknown}
 l - a scroll of remove curse {unknown}
Books
 b - a book of Flames

   Spells                             Type                      Level
   a - Flame Tongue                   Conjuration/Fire             1
   b - Throw Flame                    Conjuration/Fire             2
   c - Conjure Flame                  Conjuration/Fire             3
   d - Inner Flame                    Hexes/Fire                   3
   e - Sticky Flame                   Conjuration/Fire             4
   f - Fireball                       Conjuration/Fire             5
 p - a book of Minor Magic

   Spells                             Type                      Level
   a - Magic Dart                     Conjuration                  1
   b - Blink                          Translocation                2
   c - Call Imp                       Summoning                    2
   d - Slow                           Hexes                        2
   e - Conjure Flame                  Conjuration/Fire             3
   f - Mephitic Cloud                 Conjuration/Poison/Air       3
Comestibles
 c - 3 bread rations
 h - 2 royal jellies
 j - 6 fruits


   Skills:
 + Level 3.4 Fighting
 + Level 1.0 Polearms
 + Level 2.7 Dodging
 - Level 2.0 Stealth
 - Level 2.0 Spellcasting
 + Level 2.8 Conjurations
 + Level 4.3 Fire Magic


You had 8 spell levels left.
You knew the following spells:

 Your Spells              Type           Power        Failure   Level  Hunger
a - Flame Tongue          Conj/Fire      ##...        6%          1    #......


Dungeon Overview and Level Annotations

Branches:
Dungeon (3/15)

Altars:


Message History

Confirm with . or Enter, or press ? or * to list all spells.
You don't know that spell.
Casting: Flame Tongue
Confirm with . or Enter, or press ? or * to list all spells.
Aiming: Flame Tongue
Press: ? - help, Shift-Dir - straight line The flame tongue hits something.
Something hits you.
* * * LOW HITPOINT WARNING * * *
Casting: Flame Tongue
Confirm with . or Enter, or press ? or * to list all spells.
Aiming: Flame Tongue
Press: ? - help, Shift-Dir - straight line The flame tongue hits something.
Something hits you.
* * * LOW HITPOINT WARNING * * *
Casting: Flame Tongue
Confirm with . or Enter, or press ? or * to list all spells.
Aiming: Flame Tongue
Press: ? - help, Shift-Dir - straight line The flame tongue hits something.
Something hits you.
You die...

####.##. ## # ##+## #
##...## # ##.....## ##
## ##.......######.
##...####.........#.....
#......@{.........'.....
##...####.........#.##..
## ##......(##.###.
#.[.....###.# #.
#####)##...## #.# #.
##....{.##+## #.# #.
#..#..#†# #.# #)
#...#..#..# #.. ..
#.....#..)).....# #.


There were no monsters in sight!

Vanquished Creatures
  Sigmund (D:2)
  2 orc priests (D:3)
  5 adders (D:2)
  A worm (D:2)
  2 orcs (D:3)
  3 ball pythons
  A giant cockroach (D:2)
  2 hobgoblins
  2 jackals (D:1)
  A quokka (D:2)
  3 bats
  4 frilled lizards (D:2)
  5 goblins
  6 kobolds
  6 rats
44 creatures vanquished.

Notes
Turn   | Place    | Note
-------+----------+-------------------------------------------
     0 | D:1      | Rrauwl the Hill Orc Fire Elementalist began the quest for the Orb.
     0 | D:1      | Reached XP level 1. HP: 14/14 MP: 3/3
   145 | D:1      | Reached skill level 1 in Fighting
   169 | D:1      | Reached XP level 2. HP: 6/23 MP: 0/4
  1246 | D:2      | Reached XP level 3. HP: 26/28 MP: 1/5
  1843 | D:2      | Noticed Sigmund
  2396 | D:2      | Killed Sigmund
  2396 | D:2      | Reached skill level 4 in Fire Magic
  2396 | D:2      | Reached XP level 4. HP: 24/38 MP: 1/7
  2396 | D:2      | Reached XP level 5. HP: 28/45 MP: 1/8
  2529 | D:2      | Reached XP level 6. HP: 25/51 MP: 1/9
  3114 | D:3      | Reached skill level 1 in Polearms
  3147 | D:3      | HP: 2/51 [something (4)]
  3148 | D:3      | Slain by an orc wizard

Vault maps used:
D:1:      shiori_arrival_elements
D:2:      minmay_misc_feat_room, kennysheep_nub, minmay_tall_x, uniq_sigmund
D:3:      first_bread, minmay_misc_feat_diagonals, grunt_decor_fettered

Skill      XL: |  1  2  3  4  5  6 |
---------------+-------------------+-----
Fighting       | 1 3 |  3.4
Spellcasting   | 2 |  2.0
Stealth        | 2 |  2.0
Dodging        | 2 |  2.7
Conjurations   | 2 |  2.8
Fire Magic     | 4 |  4.3
Polearms       | 1 |  1.0

Action                   |  1- 3 |  4- 6 || total
-------------------------+-------+-------++-------
Melee: Unarmed           |    24 |       ||    24
       Dagger            |    96 |       ||    96
       Scythe            |       |    33 ||    33
 Cast: Flame Tongue      |    33 |    20 ||    53
  Use: Potion            |     5 |     1 ||     6
 Stab: Sleeping          |     4 |       ||     4
  Eat: Chunk             |    15 |       ||    15
Armor: Robe              |    10 |     7 ||    17
       Skin              |       |    40 ||    40
Dodge: Dodged            |    86 |    35 ||   121
